Map: Ascension to Aiur LE

Players

Zest - Winner!

  • Race: Protoss Protoss
  • League: Master
  • Spawn Location: 5:00

ByuN

  • Race: Terran Terran
  • Spawn Location: 11:00

Event: HomeStory Cup XV

VOD

Have the link to the VOD?

Description

Time

  • Played on: July 23, 2017, 4:05 p.m.
  • Length: 13:44

All games in this series

Show
View Real Time Build Order
Export as new Build Order

Zest Protoss - Winner!

Build Orders: 1 Gate Expand, Colossus Rush 

Get SALT Encoding   

  12  0:00  Probe (Chrono Boost)  
  13  0:11  Probe (Chrono Boost)  
  14  0:17  Pylon  
  14  0:22  Probe (Chrono Boost)  
  15  0:35  Probe (Chrono Boost)  
  16  0:36  Gateway  
  16  0:41  Assimilator  
  16  0:46  Probe (Chrono Boost)  
  17  0:56  Probe (Chrono Boost)  
  18  1:07  Probe (Chrono Boost)  
  19  1:17  Nexus  
  19  1:27  Cybernetics Core  
  19  1:31  Probe (Chrono Boost)  
  20  1:36  Assimilator  
  20  1:41  Probe (Chrono Boost)  
  20  1:45  Pylon  
  21  1:52  Probe (Chrono Boost)  
  22  2:04  Mothership Core (Chrono Boost)  
  22  2:05  Warp Gate  
  24  2:09  Adept  
  26  2:22  Probe (Chrono Boost)  
  27  2:31  Probe (Chrono Boost), Robotics Facility  
  27  2:33  Probe (Chrono Boost)  
  29  2:38  Stalker  
  29  2:41  Probe (Chrono Boost)  
  29  2:43  Probe (Chrono Boost)  
  33  2:52  Probe (Chrono Boost)  
  33  2:54  Probe (Chrono Boost)  
  35  3:02  Probe (Chrono Boost)  
  35  3:04  Probe (Chrono Boost)  
  37  3:08  Stalker  
  37  3:12  Probe (Chrono Boost)  
  39  3:15  Probe (Chrono Boost)  
  39  3:18  Gateway  
  39  3:19  Observer (Chrono Boost)  
  42  3:20  Gateway  
  42  3:22  Probe  
  43  3:30  Probe  
  43  3:32  Probe  
  45  3:38  Observer (Chrono Boost)  
  45  3:40  Assimilator  
  44  3:42  Probe  
  44  3:43  Probe  
  44  3:44  Pylon, Assimilator  
  46  3:50  Pylon  
  46  3:58  Robotics Bay  
  46  4:01  Probe  
  48  4:02  Probe  
  48  4:07  Observer (Chrono Boost), Pylon  
  49  4:11  Probe  
  49  4:14  Probe  
  51  4:22  Probe  
  52  4:26  Observer (Chrono Boost)  
  52  4:27  Probe  
  54  4:35  Probe  
  55  4:41  Pylon, Nexus  
  55  4:44  Probe  
  56  4:46  Colossus (Chrono Boost)  
  56  4:47  Probe  
  63  4:56  Extended Thermal Lance  
  63  4:57  Probe  
  63  4:58  Probe  
  65  5:00  Twilight Council  
  65  5:07  Forge  
  65  5:09  Probe (Chrono Boost)  
  65  5:10  Probe (Chrono Boost)  
  67  5:15  Forge  
  67  5:20  Probe (Chrono Boost)  
  67  5:21  Probe (Chrono Boost), Pylon  
  69  5:30  Probe x2 (Chrono Boost)  
  69  5:33  Colossus (Chrono Boost)  
  77  5:41  Protoss Ground Armor Level 1 (Chrono Boost), Blink  
  77  5:43  Probe x2  
  79  5:51  Protoss Ground Weapons Level 1 (Chrono Boost)  
  79  5:55  Probe  
  80  5:57  Probe  
  80  5:59  Probe  
  82  6:05  Gateway x2  
  82  6:07  Gateway  
  82  6:11  Zealot, Sentry x2  
  87  6:19  Pylon  
  87  6:21  Probe x3  
  87  6:25  Colossus  
  90  6:32  Pylon  
  96  6:33  Stalker  
  96  6:38  Pylon x2  
  98  6:41  Pylon  
  98  6:42  Stalker  
  98  6:44  Adept  
  102  6:47  Probe  
  102  6:48  Probe  
  102  6:50  Pylon  
  104  7:05  Stalker x5  
  104  7:07  Zealot  
  116  7:11  Gateway  
  116  7:12  Gateway  
  116  7:14  Immortal  
  115  7:19  Pylon  
  119  7:26  Nexus  
  119  7:29  Pylon  
  118  7:36  Zealot x2  
  118  7:37  Zealot x4  
  125  7:38  Protoss Ground Weapons Level 2 (Chrono Boost)  
  128  7:45  Nexus  
  128  7:49  Pylon  
  128  7:55  Immortal  
  128  7:56  Charge  
  128  7:57  Protoss Ground Armor Level 2 (Chrono Boost)  
  128  7:58  Pylon  
  132  8:12  Stalker x3  
  134  8:13  Zealot x3  
  142  8:32  Immortal  
  140  8:35  Zealot, Sentry  
  140  8:36  Zealot x6  
  158  8:49  Pylon  
  158  8:51  Pylon  
  158  9:03  Zealot  
  158  9:04  Zealot x6  
  172  9:14  Zealot, Colossus  
  148  9:23  Robotics Facility  
  154  9:28  Stalker x4  
  154  9:29  Stalker x2  
  164  9:32  Zealot  
  166  9:48  Zealot  
  168  9:55  Zealot x6  
  156  10:18  Zealot x2, Stalker x6  
  156  10:25  Warp Prism (Chrono Boost)  
  156  10:26  Protoss Ground Armor Level 3 (Chrono Boost)  
  160  10:30  Protoss Shields Level 1  
  160  10:31  Probe x2, Assimilator  
  160  10:32  Colossus (Chrono Boost), Assimilator  
  162  10:39  Photon Cannon  
  162  10:40  Photon Cannon  
  162  10:43  Pylon x2  
  162  10:50  Probe x2  
  164  11:02  Zealot x7  
  179  11:07  Pylon  
  179  11:13  Sentry  
  179  11:22  Pylon  
  179  11:23  Dark Shrine  
  179  11:26  Sentry x2  
  187  11:33  Pylon, Immortal (Chrono Boost)  
  187  11:34  Nexus  
  187  11:36  Pylon x2  
  187  11:42  Zealot x2  
  187  11:43  Zealot x2  
  187  11:46  Pylon  
  185  11:59  Zealot  
  185  12:00  Zealot x3  
  185  12:03  Immortal (Chrono Boost)  
  185  12:07  Zealot x2  
  197  12:13  Immortal (Chrono Boost)  
  191  12:25  Zealot x4  
  189  12:39  Dark Templar x4  
  195  12:45  Immortal (Chrono Boost)  
  191  12:57  Dark Templar x4  
  175  13:16  Zealot x4  
  136  13:30  Archon x2  
Show
View Real Time Build Order
Export as new Build Order

ByuN Terran 

Build Orders: MMM Bio 

Get SALT Encoding   

  12  0:00  SCV  
  13  0:12  SCV  
  14  0:17  Supply Depot  
  14  0:24  SCV  
  15  0:39  SCV, Barracks  
  16  0:44  Refinery  
  16  0:51  SCV  
  17  1:03  SCV  
  18  1:15  SCV  
  19  1:26  Marine  
  19  1:27  Orbital Command  
  20  1:38  Command Center  
  20  1:45  Barracks Reactor  
  20  1:49  Supply Depot  
  20  1:53  SCV  
  21  2:05  SCV  
  22  2:17  Command Center  
  22  2:19  SCV  
  22  2:21  Marine  
  24  2:23  Marine  
  25  2:31  SCV  
  25  2:35  Barracks  
  26  2:40  Marine  
  26  2:41  Marine  
  26  2:43  SCV  
  29  2:49  Orbital Command  
  29  2:55  SCV  
  30  3:01  Marine, Engineering Bay  
  30  3:04  Marine  
  32  3:07  SCV  
  33  3:19  SCV x2, Marine  
  36  3:21  Marine  
  36  3:22  Barracks Tech Lab  
  37  3:31  SCV x2  
  39  3:35  Missile Turret  
  39  3:37  Marine  
  39  3:39  Marine  
  39  3:40  Marine  
  42  3:41  Stimpack  
  42  3:43  Orbital Command  
  42  3:48  SCV x2  
  44  3:53  Terran Infantry Weapons Level 1  
  44  3:55  Marine  
  45  3:57  Marine  
  45  3:58  Marine  
  45  4:00  SCV x2  
  49  4:03  Factory  
  49  4:09  SCV  
  50  4:10  Refinery  
  50  4:12  SCV x2  
  50  4:13  Marine  
  50  4:15  Marine  
  54  4:17  Marine  
  54  4:19  Supply Depot  
  54  4:23  Missile Turret  
  55  4:25  Barracks  
  55  4:26  SCV  
  55  4:27  SCV  
  55  4:28  SCV  
  58  4:34  Marine x2  
  58  4:35  Marine  
  61  4:41  SCV x3  
  64  4:46  Starport, Factory Reactor  
  64  4:52  Marine x3  
  64  4:56  Barracks x2  
  68  5:00  SCV x2, Refinery  
  68  5:03  Supply Depot  
  68  5:06  Supply Depot  
  69  5:07  SCV  
  69  5:09  Refinery  
  69  5:12  SCV x2  
  69  5:13  Barracks Tech Lab  
  72  5:17  Marine x2  
  72  5:18  Marine  
  72  5:19  Orbital Command  
  76  5:27  SCV x2  
  77  5:29  Medivac x2  
  77  5:35  Marauder  
  83  5:36  Marauder  
  83  5:38  Supply Depot  
  83  5:39  Missile Turret  
  83  5:40  Supply Depot  
  83  5:41  Combat Shields  
  85  5:44  Marine x2  
  85  5:46  Barracks Reactor  
  85  5:47  Barracks Tech Lab  
  87  5:50  SCV x2  
  87  5:51  SCV  
  87  5:56  Factory Reactor  
  90  5:57  Supply Depot  
  90  6:02  Terran Infantry Armor Level 1, Missile Turret  
  90  6:04  SCV x2  
  90  6:05  SCV  
  90  6:08  Marine x2  
  95  6:13  Marauder  
  95  6:14  Marauder  
  95  6:15  Marauder  
  101  6:18  SCV  
  101  6:19  SCV x2  
  101  6:22  Medivac  
  106  6:27  Medivac  
  106  6:28  Marine x2  
  106  6:29  Supply Depot  
  106  6:32  SCV x2  
  112  6:34  Supply Depot  
  112  6:36  Marine  
  112  6:37  Marine  
  114  6:40  Marauder  
  114  6:44  Marauder x2  
  120  6:47  Concussive Shells  
  120  6:51  SCV x3  
  120  6:52  Supply Depot  
  120  7:01  Starport  
  120  7:03  Refinery x2  
  120  7:04  Marauder  
  120  7:05  Marine x2  
  120  7:06  Marauder x2  
  120  7:07  Marine x2  
  130  7:14  Viking  
  130  7:15  Viking  
  134  7:18  SCV x3  
  137  7:24  Supply Depot  
  137  7:26  Supply Depot  
  137  7:35  Marauder x2  
  143  7:37  Marauder  
  143  7:38  Marine  
  143  7:39  Marine  
  143  7:41  Marine  
  143  7:43  Marine  
  147  7:44  Viking  
  147  7:46  Viking x2  
  147  7:49  Supply Depot  
  153  7:57  Viking  
  155  8:02  Marauder x3  
  155  8:04  Marine x4  
  165  8:11  Engineering Bay  
  165  8:12  Armory  
  165  8:17  Viking x2  
  165  8:19  Viking  
  171  8:28  Supply Depot x2  
  171  8:31  Viking  
  171  8:33  Liberator x2  
  173  8:43  Liberator  
  173  8:44  Liberator  
  173  8:49  Marine x4  
  173  8:50  Marauder x3  
  189  8:59  Supply Depot  
  193  9:12  Marauder x2, Marine  
  193  9:13  Marauder, Marine  
  176  9:27  Terran Infantry Armor Level 2, Terran Infantry Weapons Level 2  
  176  9:34  Marauder x3  
  182  9:41  Marine x2  
  182  9:42  Marine x2  
  184  9:55  Marauder x3  
  184  9:59  Marine x4  
  187  10:03  Viking x2  
  160  10:17  Marauder x3, Marine x2  
  160  10:19  Marine  
  143  10:27  Ghost Academy  
  143  10:30  Viking  
  143  10:33  Viking  
  145  10:38  Marauder x3  
  151  10:45  Orbital Command  
  151  10:47  Marine x4  
  155  10:50  Viking x2  
  159  10:58  Ghost  
  159  10:59  Ghost x2  
  159  11:00  Viking  
  159  11:03  Viking  
  169  11:13  Marine x4  
  173  11:20  Viking x2  
  176  11:27  Barracks, Ghost x2  
  176  11:28  Barracks x2  
  176  11:30  Ghost  
  176  11:31  Sensor Tower  
  182  11:33  Marine x2  
  182  11:35  Marine x2  
  186  11:51  Marine x2  
  186  11:53  Marine x2  
  181  11:56  Marine x2  
  181  11:58  Marine  
  175  12:07  Viking  
  174  12:09  Marine x2  
  174  12:11  Marine x2  
  174  12:13  Liberator x2  
  174  12:15  Marauder x2  
  178  12:17  Marauder  
  166  12:33  SCV x3  
  166  12:35  Marine x2, Ghost x2  
  166  12:36  Marine x2  
  181  12:38  Marauder  
  182  12:55  Barracks Reactor  
  182  12:57  Marine  
  182  12:58  Marine x2  
  185  13:00  Marauder  
  185  13:05  Marauder x2  
  191  13:06  Marine  
  183  13:15  Marine  
  141  13:21  Marauder  
  141  13:25  Marine x2  
Tags
 
Add a new tag
Caveats
  • Supply blocks, unpowered buildings, or Contaminate may cause inaccurate times.
  • Supply counts are checked every 10 seconds.